cohdb
Replays
Latest Replays
All Replays
Popular Replays
Top Player Replays
Match Explorer
How It Works
Community
CoH3 Stats
Reddit
Sign in to upload your games and track your stats! →
Sign in with Steam
2v2 Fes Ruby/HulkSMASH&Zulu/Smoko 1
Match 21563336
Overview
Messages
Build Orders
End
Kradschützen Motorcycle Team
Selects Italian Infantry
Panzergrenadier Squad
250 Light Carrier
Construct Light Support Kompanie
Combat Half-tracks
Assault Grenadier Squad
Fire Support Elements
Selects Guastatori Squad
Guastatori Squad
2.5-tonne Medical Truck
Flakvierling Half-track
Guastatori Squad
Selects Sound the Alarm
Construct Panzerarmee Kommand
Veteran Squad Leaders
Panzer III L Medium Tank
Selects Registered Artillery
Selects Towed Cannone da 105/28 Field Howitzer
Sound the Alarm
Towed Cannone da 105/28 Field Howitzer
Panzer III L Medium Tank
Selects Territory Booby Traps
Panzer III L Medium Tank
Selects Obice 305mm Barrage
Obice 305mm Barrage
Armored Reserves
Sound the Alarm
Sound the Alarm
Tiger Heavy Tank
Registered Artillery
Vehicle Survival Package
Obice 305mm Barrage
Ruby
HulkSMASH
SMOKO
DEFCON Zulu
0
0
Comments
sign in to comment!
No comments posted yet!